 Dungeon Crawl Stone Soup version 0.25-a0-578-gc91f01c39c (webtiles) character file.

Game seed: 8710600043266421344, levelgen mode: deterministic

353 Flugslaktarn the Chopper (level 6, 0/57 HPs)
             Began as a Deep Dwarf Fighter on Mar 4, 2020.
             Slain by an ogre
             ... wielding a +0 giant club
              (22 damage)
             ... on level 5 of the Dungeon.
             The game lasted 00:01:01 (1663 turns).

Flugslaktarn the Chopper (Deep Dwarf Fighter)       Turns: 1663, Time: 00:01:02

Health: 0/57       AC:  7    Str: 22    XL:     6   Next: 35%
Magic:  5/5        EV:  7    Int:  8    God:
Gold:   120        SH: 10    Dex: 12    Spells: 5/5 levels left

rFire    . . .     SeeInvis .   a - +0 war axe
rCold    + . .     Gourm    .   i - +0 kite shield
rNeg     . . .     Faith    .   b - +0 scale mail
rPois    .         Spirit   .   (no helmet)
rElec    .         Reflect  .   (no cloak)
rCorr    .         Harm     .   (no gloves)
MR       .....                  (no boots)
Stlth    ..........             (no amulet)
HPRegen  0.00/turn              c - ring of protection from cold
MPRegen  0.09/turn              (no ring)

@: non-regenerating
A: damage resistance, heal wounds, sense surroundings 1, no regeneration
a: Heal Wounds


You were on level 5 of the Dungeon.
You were not hungry.

You visited 2 branches of the dungeon, and saw 6 of its levels.

You collected 120 gold pieces.

Inventory:

Hand Weapons
 a - a +0 war axe (weapon)
Armour
 b - a +0 scale mail (worn)
 i - a +0 kite shield (worn)
Jewellery
 c - a ring of protection from cold (left hand)
   (You found it on level 4 of the Dungeon)
 l - a +2 ring of evasion {unknown}
   (You found it on level 4 of the Dungeon)
Wands
 g - a wand of iceblast (5)
   (You found it on level 4 of the Dungeon)
 v - a wand of digging (2)
   (You found it on level 4 of the Dungeon)
Scrolls
 h - a scroll of identify {unknown}
 m - a scroll of remove curse {unknown}
Potions
 d - a potion of might
 f - 3 potions of curing {unknown}
 j - a potion of degeneration {unknown}
Comestibles
 e - 6 rations
 k - 3 chunks of flesh


   Skills:
 + Level 3.8 Fighting
 * Level 5.0 Axes
 + Level 4.5 Armour
 + Level 4.5 Shields


You had 5 spell levels left.
You didn't know any spells.
Your spell library was empty.

Dungeon Overview and Level Annotations

Branches:
Dungeon (5/15)             Temple (1/1) D:4

Altars:
Ashenzari
Cheibriados
Elyvilon
Gozag
Hepliaklqana
Nemelex Xobeh
Qazlal
Ru
Sif Muna
Trog
Uskayaw
Wu Jian
Yredelemnul
The Shining One

Shops:
D:4 %


Innate Abilities, Weirdness & Mutations

You are resistant to damage.
You can heal yourself by infusing magical energy.
You passively map a small area around you.
You do not regenerate.


Message History

Things that are here:
a +0 flail; a gnoll skeleton
Found an escape hatch in the ceiling.
e - 6 rations (gained 1)
Found a chain mail.
You see here a chain mail.
There is a stone staircase leading up here.
An ogre comes into view. It is wielding a +0 giant club.
An ogre is nearby!
The ogre hits you with a +0 giant club!
You hit the ogre.
The ogre is lightly wounded.
The ogre barely misses you.
You barely miss the ogre.
The ogre is lightly wounded.
The ogre barely misses you.
You hit the ogre.
The ogre is lightly wounded.
The ogre hits you with a +0 giant club!!
You die...

* # ##########
########.... #........#
#>..@O...... #.###....#
#.####.#.... #.# #....#
#.# # .
##.###....###.#### , ,
.......<.........#
.#.##########.##.# ,
.#......(......#.# *
.###########...#.####..
....[....# #..)).......


You could see an ogre.

Vanquished Creatures
  A phantom (D:4)
  2 hounds (D:4)
  A centaur skeleton (D:4)
  An orc wizard (D:4)
  A worker ant (D:5)
  4 gnolls (D:5)
  2 adders (D:4)
  A howler monkey skeleton (D:4)
  A worm (D:4)
  A leopard gecko (D:1)
  9 orcs
  2 giant cockroaches
  3 goblins
  4 hobgoblins
  6 jackals (D:3)
  2 kobolds (D:1)
  A bat (D:3)
  A frilled lizard (D:4)
  2 quokka skeletons
  2 rats (D:2)
47 creatures vanquished.

Notes
Turn   | Place    | Note
-------+----------+-------------------------------------------
     0 | D:1      | Flugslaktarn the Deep Dwarf Fighter began the quest for the
                  | Orb.
     0 | D:1      | Reached XP level 1. HP: 20/20 MP: 1/1
   153 | D:2      | Reached XP level 2. HP: 27/27 MP: 2/2
   273 | D:3      | Reached skill level 3 in Axes
   319 | D:3      | Reached XP level 3. HP: 30/34 MP: 3/3
   369 | D:4      | Noticed a phantom
   371 | D:4      | Found Ylatz's Food Emporium.
   471 | D:4      | Killed a phantom
   471 | D:4      | Reached XP level 4. HP: 34/42 MP: 3/3
   531 | D:4      | Reached skill level 4 in Axes
   532 | D:4      | Reached XP level 5. HP: 30/49 MP: 4/4
   548 | D:4      | Found a shimmering blue altar of Sif Muna.
   804 | D:4      | Reached XP level 6. HP: 46/57 MP: 5/5
   948 | D:4      | Found a staircase to the Ecumenical Temple.
   993 | Temple   | Entered the Ecumenical Temple
  1232 | D:4      | Found a shimmering blue altar of Sif Muna.
  1562 | D:5      | Entered Level 5 of the Dungeon
  1595 | D:5      | Reached skill level 5 in Axes
  1663 | D:5      | Slain by an ogre

Levels and vault maps discovered:
D:1:      erik_arrival_cave_to_civilisation [erik_arrival_cave_to_hall],
          layout_rooms
D:2:      layout_basic, first_ration, uniq_sigmund
D:3:      layout_loops_ring, nicolae_overflow_hidden_temple
D:4:      layout_basic, kennysheep_mini_moat, minmay_temple_entry_arrows,
          serial_shops, shop, lightli_ossuary_entry_decrepit_ruins, led_sif_pool
D:5:      layout_basic
Temple:   nicolae_temple_figure_eight

Skill      XL: |  1  2  3  4  5  6 |
---------------+-------------------+-----
Axes           | 3 4 5 |  5.0
Fighting       | 3 |  3.8
Armour         | 4 |  4.5
Shields        | 4 |  4.5

Action                   |  1- 3 |  4- 6 || total
-------------------------+-------+-------++-------
Melee: War axe           |    92 |    73 ||   165
 Abil: Heal Wounds       |     2 |     1 ||     3
  Eat: Chunk             |       |     3 ||     3
Armor: Scale mail        |    38 |    26 ||    64
Dodge: Dodged            |    38 |    21 ||    59
Block: Kite shield       |    49 |    46 ||    95

Table legend:
 A = Non-vault XP
 B = Vault XP
 C = Vault XP percentage of total XP
 D = Non-vault monster count
 E = Vault monster count
 F = Vault count percentage of total count
                 A         B        C        D         E       F
            +---------+---------+-------+---------+---------+-------
      Total |     501 |       4 |   0.8 |      45 |       2 |   4.3
            +---------+---------+-------+---------+---------+-------
        D:1 |       7 |       4 |  36.4 |       3 |       2 |  40.0
        D:2 |      10 |       0 |   0.0 |       6 |       0 |   0.0
        D:3 |      31 |       0 |   0.0 |      14 |       0 |   0.0
        D:4 |     360 |       0 |   0.0 |      16 |       0 |   0.0
        D:5 |      93 |       0 |   0.0 |       6 |       0 |   0.0
            +---------+---------+-------+---------+---------+-------
